 Dungeon Crawl Stone Soup version 0.19.5 (webtiles) character file.

9067 sveltemanboy the Cleaver (level 11, -4/52 HPs)
             Began as a Vine Stalker Hunter on Feb 28, 2017.
             Was a High Priest of Okawaru.
             Slain by a hill giant
             ... wielding a +0 giant club
              (23 damage)
             ... on level 10 of the Dungeon on Mar 1, 2017.
             The game lasted 00:30:05 (10052 turns).

sveltemanboy the Cleaver (Vine Stalker Hunter)     Turns: 10052, Time: 00:30:06

Health: -4/52      AC: 15    Str: 18    XL:     11   Next: 40%
Magic:  0/15       EV: 10    Int: 13    God:    Okawaru [*****.]
Gold:   527        SH:  0    Dex: 16    Spells: 2 memorised, 6 levels left

rFire  . . .     SeeInvis +     b - +1 war axe
rCold  . . .     Gourm    .     L - +0 chain mail of the New World {*Drain rCorr Str+3 Slay+2} (curse)
rNeg   . . .     Faith    .     (no shield)
rPois  +         Spirit   +     t - +1 helmet
rElec  .         Reflect  .     H - +0 cloak
rCorr  +         Harm     .     y - +0 pair of gloves
MR     ++...                    (no boots)
Stlth  ..........               o - amulet of rage
                                B - ring of see invisible
                                e - +1 ring of protection

@: no status effects
A: fangs 3, magic resistance 1, poison resistance, regeneration 1, magic shield,
antimagic bite, no device heal 3, rot immunity, subdued magic 1
a: Heroism, Finesse, Renounce Religion, Evoke Berserk Rage


You were on level 10 of the Dungeon.
You worshipped Okawaru.
Okawaru was extremely pleased with you.
You were not hungry.

You visited 1 branch of the dungeon, and saw 10 of its levels.

You collected 527 gold pieces.

Inventory:

Hand Weapons
 a - a +2 hand crossbow
 b - a +1 war axe (weapon)
Missiles
 d - 49 bolts
Armour
 t - a +1 helmet (worn)
 y - a +0 pair of gloves (worn)
 H - a +0 cloak (worn)
 L - the cursed +0 chain mail of the New World (worn) {*Drain rCorr Str+3 Slay+2}
   (You found it on level 8 of the Dungeon)

   It affects your strength (+3).
   It affects your accuracy and damage with ranged weapons and melee attacks
   (+2).
   It protects you from acid and corrosion.
   It causes draining when unequipped.
   It has a curse placed upon it.
Jewellery
 e - a +1 ring of protection (left hand)
 o - an amulet of rage (around neck)
 B - a ring of see invisible (right hand)
Wands
 p - a wand of paralysis (10/24)
 A - a wand of flame (47/48)
 E - a wand of paralysis (6/24)
 F - a wand of polymorph (9/24)
 J - a wand of paralysis (11/24)
Scrolls
 g - 5 scrolls of teleportation
 j - a scroll of identify
 k - a scroll of fog
 n - 3 scrolls of enchant weapon
 q - a scroll of enchant armour
 r - a scroll of blinking
 u - 8 scrolls of remove curse
 w - 2 scrolls of fear
 z - a scroll of magic mapping
 M - a scroll of recharging
Potions
 c - 2 potions of invisibility
 i - a potion of ambrosia
 l - 4 potions of curing
 s - 2 potions of haste
 C - a potion of brilliance {unknown}
 D - 2 potions of lignification
 G - a potion of resistance {unknown}
 I - a potion of flight
Comestibles
 f - 10 bread rations
 h - 3 chunks of flesh
 m - 3 meat rations
 v - 3 slices of pizza
 x - 10 fruits
 N - a beef jerky


   Skills:
 - Level 3.1 Fighting
 * Level 12.0 Axes
 + Level 6.5 Crossbows
 - Level 4.0 Armour
 - Level 5.0 Dodging
 - Level 1.2 Stealth
 - Level 5.0 Invocations


You had 6 spell levels left.
You knew the following spells:

 Your Spells              Type           Power        Failure   Level  Hunger
a - Blink                 Tloc           N/A          100%        2    ###....
b - Repel Missiles        Chrm/Air       #.....       100%        2    ###....


Dungeon Overview and Level Annotations

Branches:
Dungeon (10/15)            Temple (0/1) D:5            Lair (0/6) D:9
    Orc: D:9-12

Altars:
Ashenzari
Dithmenos
Elyvilon
Fedhas
Gozag
Hepliaklqana
Okawaru
Qazlal
Sif Muna
Uskayaw
Vehumet
Yredelemnul
Zin

Shops:
D:4 }   D:7 %


Innate Abilities, Weirdness & Mutations

You have razor-sharp teeth.
Your natural rate of healing is unusually fast.
When hurt, damage is shared between your health and your magic reserves.
Your bite disrupts and absorbs the magic of your enemies.
Potions and wands cannot restore your health.
You are immune to rotting.
You are resistant to hostile enchantments. (MR+)
Your system is resistant to poisons. (rPois)
Your spells are a little easier to cast, but a little less powerful.


Message History

You shoot a bolt. The bolt hits the hill giant!
The hill giant is moderately wounded.
b - a +1 war axe (weapon)
The hill giant barely misses you.
You hit the hill giant.
The hill giant is moderately wounded.
You hit the hill giant.
The hill giant is moderately wounded.
The hill giant hits you with a giant club!!
You barely miss the hill giant.
The hill giant is moderately wounded.
The hill giant hits you with a giant club!!
You slash the hill giant! You bite the hill giant! You drain its power.
You feel invigorated.
The hill giant is severely wounded.
You slash the hill giant! You bite the hill giant. You drain its power.
You feel invigorated.
The hill giant is almost dead.
The hill giant hits you with a giant club!!
You die...

#.# #.# #.# #.# #^#
#.# #.# #.# #.# #.#
##+ #.## #.# #..
...########.#
#.####...
.#..........#
#.C(...#
...#######..# #@#
#.## ##..####.#
#.#######........#
............########
#########...........
############


You could see a hill giant.

Vanquished Creatures
  Erolcha (D:9)
  Erica (D:8)
  A death yak (D:9)
  Pikel (D:9)
  A hill giant (D:10)
  An elephant (D:9)
  Joseph (D:8)
  A troll (D:10)
  A hippogriff (D:7)
  A wraith (D:10)
  A spriggan (D:7)
  2 hungry ghosts
  Grum (D:9)
  Menkaure (D:7)
  The ghost of appiemonkey the Shield-Bearer, an amateur GrFi (D:3)
  A water moccasin (D:8)
  A black bear (D:9)
  An orc warrior (D:10)
  3 slaves (D:9)
  2 ice beasts
  6 ogres
  A sky beast (D:8)
  2 wolves (D:9)
  A crocodile (D:9)
  2 centaurs
  A big kobold (D:10)
  3 bullfrogs
  3 scorpions
  3 killer bees (D:9)
  A water moccasin skeleton (D:9)
  11 wights
  2 howler monkeys (D:10)
  2 bullfrog zombies (D:5)
  A centaur zombie (D:10)
  6 crimson imps
  2 quasits
  2 jellies
  Crazy Yiuf (D:6)
  6 hounds
  A bullfrog skeleton (D:7)
  A centaur skeleton (D:4)
  3 orc priests
  4 orc wizards
  A gnoll shaman (D:9)
  Natasha (thrice) (D:4)
  4 iguanas
  6 worker ants
  A killer bee zombie (D:10)
  Robin (D:2)
  8 gnolls
  A howler monkey skeleton (D:6)
  9 adders
  3 shadow imps
  An ooze (D:4)
  An adder skeleton (D:9)
  4 worms
  3 dart slugs
  4 leopard geckos
  21 orcs
  2 ball pythons
  4 giant cockroaches
  20 goblins
  7 hobgoblins
  12 jackals
  8 quokkas
  7 bats
  2 frilled lizards
  9 kobolds
  A quokka zombie (D:6)
  15 rats
247 creatures vanquished.

Vanquished Creatures (collateral kills)
  A quasit (D:7)
1 creature vanquished.

Grand Total: 248 creatures vanquished

Notes
Turn   | Place    | Note
-------+----------+-------------------------------------------
     0 | D:1      | sveltemanboy the Vine Stalker Hunter began the quest for the Orb.
     0 | D:1      | Reached XP level 1. HP: 11/11 MP: 2/2
   286 | D:1      | Reached XP level 2. HP: 15/15 MP: 3/3
   945 | D:2      | Reached skill level 1 in Armour
   957 | D:2      | Reached XP level 3. HP: 9/18 MP: 0/4
  1555 | D:2      | Noticed Robin
  1603 | D:2      | Killed Robin
  1603 | D:2      | Gained mutation: Your natural rate of healing is unusually fast. [Vine Stalker growth]
  1603 | D:2      | Reached XP level 4. HP: 11/23 MP: 5/5
  1869 | D:2      | Found a radiant altar of Vehumet.
  2170 | D:3      | Noticed appiemonkey's ghost (amateur GrFi)
  2425 | D:3      | HP: 1/23 [appiemonkey's ghost (9)]
  2469 | D:3      | Killed appiemonkey's ghost
  2469 | D:3      | Reached XP level 5. HP: 14/26 MP: 3/6
  2469 | D:3      | Reached XP level 6. HP: 17/30 MP: 3/7
  3228 | D:4      | Found an iron altar of Okawaru.
  3230 | D:4      | Noticed Natasha
  3234 | D:4      | Killed Natasha
  3240 | D:4      | Became a worshipper of Warmaster Okawaru
  3346 | D:4      | Noticed Natasha
  3348 | D:4      | Noticed a hand axe
  3348 | D:4      | Killed Natasha
  3348 | D:4      | Reached skill level 1 in Invocations
  3350 | D:4      | Noticed a dagger
  3373 | D:4      | Reached XP level 7. HP: 33/35 MP: 7/9
  3481 | D:4      | Noticed Natasha
  3486 | D:4      | Killed Natasha
  3516 | D:4      | Got a distressingly furry ring mail
  3535 | D:4      | Identified the cursed +1 ring mail of Hyowucit {-Cast rF+ MR+++ rCorr} (You found it on level 4 of the Dungeon)
  3551 | D:4      | Found a hide-covered altar of Uskayaw.
  3557 | D:4      | Found Viab's Gadget Boutique.
  3763 | D:4      | Found a deep blue altar of Sif Muna.
  3938 | D:5      | Entered Level 5 of the Dungeon
  3953 | D:5      | Found a staircase to the Ecumenical Temple.
  4050 | D:5      | Found a stormy altar of Qazlal.
  4157 | D:5      | Reached * piety under Okawaru
  4239 | D:5      | Gained mutation: You have razor-sharp teeth. [Vine Stalker growth]
  4239 | D:5      | Reached XP level 8. HP: 39/39 MP: 10/12
  4391 | D:5      | Reached skill level 5 in Dodging
  4676 | D:6      | Reached skill level 1 in Axes
  5192 | D:6      | Reached skill level 5 in Invocations
  5240 | D:6      | Found an opulent altar of Gozag.
  5365 | D:6      | Found a runed door.
  5589 | D:6      | Noticed Crazy Yiuf
  5597 | D:6      | Killed Crazy Yiuf
  5597 | D:6      | Reached skill level 2 in Axes
  5863 | D:7      | Reached ** piety under Okawaru
  5863 | D:7      | Reached skill level 3 in Axes
  5907 | D:7      | Noticed Menkaure
  5919 | D:7      | HP: 1/40 [Menkaure (5)]
  5921 | D:7      | Killed Menkaure
  5921 | D:7      | Reached skill level 4 in Axes
  5921 | D:7      | Reached XP level 9. HP: 2/44 MP: 1/13
  6018 | D:7      | Found Konwidgh's Food Shoppe.
  6068 | D:7      | Reached skill level 5 in Axes
  6403 | D:7      | Got a dazzling scale mail
  6415 | D:7      | Gained mutation: Your spells are a little easier to cast, but a little less powerful. [potion of mutation]
  6415 | D:7      | Gained mutation: You are resistant to hostile enchantments. (MR+) [potion of mutation]
  6415 | D:7      | Gained mutation: Your system is resistant to poisons. (rPois) [potion of mutation]
  6435 | D:7      | Identified the +4 scale mail of the Ancient Hells {Int+3} (You found it on level 7 of the Dungeon)
  6504 | D:7      | Reached skill level 6 in Axes
  6563 | D:7      | Reached *** piety under Okawaru
  7213 | D:7      | Reached skill level 7 in Axes
  7329 | D:8      | Found a shattered altar of Ashenzari.
  7329 | D:8      | Found a shadowy altar of Dithmenos.
  7329 | D:8      | Found a basalt altar of Yredelemnul.
  7329 | D:8      | Found a hazy altar of Hepliaklqana.
  7372 | D:8      | Found a blossoming altar of Fedhas.
  7402 | D:8      | Noticed Joseph
  7426 | D:8      | Killed Joseph
  7426 | D:8      | Reached skill level 8 in Axes
  7775 | D:8      | Noticed Erica
  7798 | D:8      | Killed Erica
  7798 | D:8      | Reached skill level 9 in Axes
  7798 | D:8      | Reached XP level 10. HP: 25/49 MP: 7/14
  7801 | D:8      | Reached **** piety under Okawaru
  8078 | D:8      | Got a transparent chain mail
  8089 | D:8      | Identified the cursed +0 chain mail of the New World {*Drain rCorr Str+3 Slay+2} (You found it on level 8 of the Dungeon)
  8380 | D:9      | Reached skill level 10 in Axes
  8470 | D:9      | Noticed an elephant
  8471 | D:9      | Noticed a death yak
  8514 | D:9      | Killed an elephant
  8553 | D:9      | Killed a death yak
  8613 | D:9      | Found a staircase to the Lair.
  8744 | D:9      | Noticed Grum
  8752 | D:9      | Reached skill level 5 in Crossbows
  8765 | D:9      | Killed Grum
  8834 | D:9      | Reached skill level 11 in Axes
  8888 | D:9      | Noticed Pikel
  8908 | D:9      | Killed Pikel
  8908 | D:9      | Reached XP level 11. HP: 51/52 MP: 15/15
  8939 | D:9      | Found a white marble altar of Elyvilon.
  8975 | D:9      | Noticed Erolcha
  8985 | D:9      | Killed Erolcha
  8985 | D:9      | Received a gift from Okawaru
  9397 | D:9      | Found a glowing silver altar of Zin.
  9447 | D:9      | Upgraded the game from 0.19.4-25-g1b72edd to 0.19.5
  9520 | D:10     | Entered Level 10 of the Dungeon
  9868 | D:10     | Noticed a hill giant
  9876 | D:10     | Killed a hill giant
  9876 | D:10     | Reached ***** piety under Okawaru
  9958 | D:10     | Learned a level 2 spell: Blink
  9961 | D:10     | Learned a level 2 spell: Repel Missiles
 10034 | D:10     | Reached skill level 12 in Axes
 10045 | D:10     | Noticed a hill giant
 10052 | D:10     | Slain by a hill giant

Skill      XL: |  1  2  3  4  5  6  7  8  9 10 11 |
---------------+----------------------------------+-----
Fighting       | 2 3 |  3.1
Armour         | 1 2 3 4 |  4.0
Dodging        | 2 3 4 5 |  5.0
Crossbows      | 4 5 6 |  6.5
Invocations    | 1 4 5 |  5.0
Axes           | 4 9 11 12 | 12.0
Stealth        | |  1.2

Action                   |  1- 3 |  4- 6 |  7- 9 | 10-12 || total
-------------------------+-------+-------+-------+-------++-------
Melee: Short sword       |    65 |   138 |     2 |       ||   205
       Bite              |    20 |    35 |    58 |    69 ||   182
       Hand axe          |       |       |   162 |       ||   162
       War axe           |       |       |    10 |   182 ||   192
       Punch             |       |       |       |     6 ||     6
 Fire: Hand crossbow     |    38 |    59 |   231 |   136 ||   464
Invok: Heroism           |       |       |     2 |     3 ||     5
  Use: Scroll            |       |       |    19 |     1 ||    20
       Potion            |       |       |     1 |       ||     1
 Stab: Sleeping          |     1 |     1 |       |       ||     2
       Distracted        |       |     1 |       |       ||     1
  Eat: Chunk             |     2 |     6 |    13 |     9 ||    30
       Fruit             |       |       |       |     1 ||     1
Armor: Leather armour    |    14 |       |       |       ||    14
       Ring mail         |    15 |    23 |   113 |    17 ||   168
       Robe              |       |    23 |     2 |       ||    25
       Chain mail        |       |       |       |    97 ||    97
Dodge: Dodged            |    49 |   110 |   200 |    94 ||   453
